 Dungeon Crawl Stone Soup version 0.29.1-15-g9cfb28693d (webtiles) character file.

Game seed: 3176108533323152506

440 monsoonserge the Trooper (level 6, -1/51 HPs)
             Began as a Palentonga Fighter on May 1, 2023.
             Was an Initiate of Vehumet.
             Slain by a gnoll
             ... wielding a +0 club
              (5 damage)
             ... on level 4 of the Dungeon.
             The game lasted 00:15:35 (3373 turns).

monsoonserge the Trooper (Palentonga Fighter)       Turns: 3373, Time: 00:15:38

Health: -1/51      AC:  5    Str: 24    XL:     6   Next: 70%
Magic:  6/8        EV:  9    Int:  8    God:    Vehumet [......]
Gold:   166        SH:  5    Dex: 15    Spells: 7/8 levels left

rFire   . . .      SeeInvis +   j - staff of conjuration
rCold   . . .      Faith    .   c - +0 buckler
rNeg    . . .      Spirit   .   D - +1 robe {Will+}
rPois   .          Reflect  .   (no helmet)
rElec   .          Harm     .   (no cloak)
rCorr   .          Rampage  .   (no gloves)
Will    +....                   (no barding)
Stlth   +.........              r - amulet of regeneration
HPRegen 0.97/turn               g - +6 ring of dexterity
MPRegen 0.11/turn               (no ring)

@: mighty
A: large, rugged brown scales 3, see invisible, deformed body, roll 1, armoured
tail
a: Rolling Charge, Renounce Religion


You were on level 4 of the Dungeon.
You worshipped Vehumet.
Vehumet was noncommittal.
You visited 2 branches of the dungeon, and saw 6 of its levels.

You collected 166 gold pieces.

Inventory:

Hand Weapons
 a - a +0 war axe
 m - a +2 whip of electrocution
Missiles
 h - 35 stones
 i - 6 poisoned darts
 q - 2 throwing nets
 y - 3 boomerangs
Armour
 c - a +0 buckler (worn)
 D - a +1 robe of willpower (worn)
Magical Staves
 j - a staff of conjuration (weapon)
Jewellery
 g - a +6 ring of dexterity (left hand)
 r - an amulet of regeneration (around neck)
Scrolls
 l - a scroll of amnesia {unknown}
 s - a scroll of acquirement {unknown}
 v - 3 scrolls of identify {unknown}
 z - 3 scrolls of silence {unknown}
 A - a scroll of summoning {unknown}
 B - a scroll of noise {unknown}
Potions
 d - a potion of might
 f - a potion of mutation {unknown}
 k - a potion of flight {unknown}
 o - a potion of attraction {unknown}
 p - 2 potions of degeneration {unknown}
 u - a potion of curing {unknown}
 x - 3 potions of lignification {unknown}
 C - a potion of resistance {unknown}


   Skills:
 + Level 4.0 Fighting
 - Level 2.4(3.1) Axes
 - Level 2.8(3.3) Maces & Flails
 + Level 0.1(1.6) Staves
 - Level 3.1 Armour
 + Level 1.1 Dodging
 + Level 3.4 Shields
 * Level 1.5 Spellcasting
 * Level 1.6 Conjurations
 + Level 1.2 Fire Magic
 * Level 0.6 Evocations


You had 7 spell levels left.
You knew the following spells:

 Your Spells              Type           Power      Damage    Failure   Level
a - Foxfire               Conj/Fire      16%        2x1d4     26%         1

Your spell library contained the following spells:

 Spells                   Type           Power      Damage    Failure   Level
 Ensorcelled Hibernation  Hex/Ice        0%         N/A       56%         2
 Passwall                 Tmut/Erth      0%         N/A       56%         2
 Conjure Flame            Conj/Fire      4%         6-21      58%         3
 Inner Flame              Hex/Fire       1%         N/A       71%         3
 Swiftness                Air            0%         N/A       80%         3
 Flame Wave               Conj/Fire      4%         2d5       94%         4


Dungeon Overview and Level Annotations

Branches:
Dungeon (5/15)             Temple (1/1) D:4

Altars:
Ashenzari
Dithmenos
Elyvilon
Fedhas
Hepliaklqana
Kikubaaqudgha
Makhleb
Okawaru
Qazlal
Ru
Sif Muna
Trog
Uskayaw
Vehumet
Wu Jian
Xom
The Shining One


Innate Abilities, Weirdness & Mutations

You are completely covered in rugged brown scales. (AC +3, +7% HP)
You have supernaturally acute eyesight. (SInv)
Armour fits poorly on your strangely shaped body.
You can roll at nearby foes to attack.
You have a long armoured tail.


Message History

The foxfire hits the ogre but does no damage.
The foxfire hits the adder.
The adder is lightly wounded.
The adder bites you. The gnoll hits you but does no damage.
The gnoll barely misses you. The adder barely misses you.
You hit the ogre!
The ogre is heavily wounded.
The ogre barely misses you. The gnoll barely misses you.
The gnoll hits you with a +0 flail. The adder bites you but does no damage.
You hit the ogre! You tail-slap the ogre.
You kill the ogre!
Vehumet accepts your kill. The adder bites you.
The gnoll hits you with a +0 club. The gnoll hits you but does no damage.
Your Fighting skill increases to level 4!
Your Dodging skill increases to level 1!
You hit the adder.
Your tail-slap misses the adder.
The adder is severely wounded.
The adder bites you but does no damage. The gnoll hits you but does no damage.
You block the gnoll's attack. The adder barely misses you.
You closely miss the adder.
The adder is severely wounded.
You block the gnoll's attack. The gnoll hits you but does no damage.
The adder bites you. The gnoll hits you with a +0 flail!
* * * LOW HITPOINT WARNING * * *
The gnoll hits you with a +0 club.
* * * LOW HITPOINT WARNING * * *
You miss the adder.
The adder is severely wounded.
The adder barely misses you. The adder closely misses you.
The gnoll hits you with a +0 flail.
* * * LOW HITPOINT WARNING * * *
You block the gnoll's attack.
You miss the adder. You tail-slap the adder.
You kill the adder!
Vehumet accepts your kill. The gnoll hits you with a +0 flail.
* * * LOW HITPOINT WARNING * * *
The gnoll hits you with a +0 club.
You die...

........#......#.#....#.......#.#
############.###.#....#.......#.#
..<........#.###.#....#.......#.#
........................#.###.#.#
#..........#.#.##########.###.#.#
#..#####................).#......
#..##...............#.....#.##...
#..##.##.......gg)..#..........⌠.
#..............)@............#...
#................................
#.#.....#..#...............######
#.#.###.#..#.#####....###..#
#.#.# #.#..#.# #....# #..#
#.#.###.#..#.# #....# #..######
#.#........#.# #..### #........
........#.##.#####..#####.#######
#.#######........................


You could see 2 gnolls.

Vanquished Creatures
  2 ogres
  A howler monkey (D:3)
  Natasha (thrice) (D:3)
  An iguana (D:4)
  4 gnolls
  3 adders
  An ufetubus (D:4)
  A worm (D:2)
  2 dart slugs
  4 orcs (D:3)
  6 ball pythons
  5 bats
  3 endoplasms
  4 giant cockroaches
  7 goblins
  5 hobgoblins
  5 jackals
  7 kobolds
  2 quokkas
  2 frilled lizards
  2 rats (D:1)
70 creatures vanquished.

Vanquished Creatures (others)
  14 foxfires
14 creatures vanquished.

Grand Total: 84 creatures vanquished

Notes
Turn   | Place    | Note
-------+----------+-------------------------------------------
     0 | D:1      | monsoonserge the Palentonga Fighter began the quest for the
                  | Orb.
     0 | D:1      | Reached XP level 1. HP: 19/19 MP: 1/1
   172 | D:1      | Reached XP level 2. HP: 24/25 MP: 2/2
   285 | D:1      | Found a faded altar of an unknown god.
   813 | D:2      | Reached XP level 3. HP: 19/31 MP: 3/3
  1349 | D:3      | Found a shimmering blue altar of Sif Muna.
  1354 | D:3      | Reached skill level 1 in Maces & Flails
  1366 | D:3      | Noticed an ogre
  1369 | D:3      | Reached XP level 4. HP: 32/38 MP: 4/4
  1548 | D:3      | Learned a level 1 spell: Foxfire
  1630 | D:3      | Killed an ogre
  1631 | D:3      | Reached XP level 5. HP: 38/44 MP: 3/6
  1797 | D:3      | Found a hazy altar of Hepliaklqana.
  1864 | D:3      | Reached skill level 1 in Spellcasting
  1946 | D:3      | Noticed Natasha
  1951 | D:3      | Killed Natasha
  1952 | D:3      | Reached skill level 1 in Conjurations
  1990 | D:3      | Noticed Natasha
  1992 | D:3      | Killed Natasha
  1993 | D:3      | Reached skill level 1 in Fire Magic
  1993 | D:3      | Reached XP level 6. HP: 51/51 MP: 7/7
  2037 | D:3      | Noticed Natasha
  2048 | D:3      | Killed Natasha
  2543 | D:4      | Found a staircase to the Ecumenical Temple.
  2576 | Temple   | Entered the Ecumenical Temple
  2658 | Temple   | Became a worshipper of Vehumet
  2957 | D:4      | Found a broken altar of Ashenzari.
  2971 | D:4      | Found a shimmering altar of Xom.
  3318 | D:5      | Entered Level 5 of the Dungeon
  3370 | D:4      | Reached skill level 4 in Fighting
  3370 | D:4      | Reached skill level 1 in Dodging
  3373 | D:4      | Slain by a gnoll

Illustrated notes

Levels and vault maps discovered:
D:1:      saegor_arrival_simple_e, layout_basic,
          shapermc_ecumenical_altar_totnotflames
D:2:      layout_rooms
D:3:      layout_loops_ring, mainiacjoe_overflow_small_starburst,
          overflow_temple_1_default, uniq_natasha
D:4:      layout_basic, mainiacjoe_overflow_catwalk_spiral, temple_fountains,
          ebering_dispersal_statue_hall
D:5:      layout_cave_pods, lemuel_coloured_pillars_altar,
          amcnicky_altar_gilded, ebering_ghost_rock_garden,
          hangedman_decor_clover_reticule, kennysheep_diamond, minivault_4
Temple:   nicolae_temple_god_jail

Skill      XL: |  1  2  3  4  5  6 |
---------------+-------------------+-----
Shields        | 3 |  3.4
Maces & Flails | 1 2 |  2.8
Armour         | 3 |  3.1
Spellcasting   | 1 |  1.5
Conjurations   | 1 |  1.6
Fire Magic     | 1 |  1.2
Fighting       | 4 |  4.0
Dodging        | 1 |  1.1
Axes           | |  2.4
Staves         | |  0.1
Evocations     | |  0.6

Action                   |  1- 3 |  4- 6 || total
-------------------------+-------+-------++-------
Melee: War axe           |    41 |       ||    41
       Tailslap          |     9 |    17 ||    26
       Whip              |    44 |    70 ||   114
       Staff             |       |    34 ||    34
 Cast: Foxfire           |       |     7 ||     7
 Abil: Rolling Charge    |    21 |    20 ||    41
  Use: Potion            |       |     1 ||     1
 Stab: Sleeping          |       |     1 ||     1
Armor: Scale mail        |    19 |       ||    19
       Ring mail         |    16 |     5 ||    21
       Leather armour    |       |    10 ||    10
       Robe              |       |    21 ||    21
Dodge: Dodged            |    22 |    59 ||    81
Block: Buckler           |    22 |    36 ||    58
